 Dungeon Crawl Stone Soup version 0.20-a0-32-gb8e7c72 (webtiles) character file.

95 Faca the Shield-Bearer (level 4, -3/40 HPs)
             Began as a Minotaur Fighter on Nov 8, 2016.
             Killed by nerve-wracking pain
             ... invoked by Menkaure
              (11 damage)
             ... on level 4 of the Dungeon.
             The game lasted 00:24:23 (2295 turns).

Faca the Shield-Bearer (Minotaur Fighter)           Turns: 2295, Time: 00:24:25

Health: -3/40      AC:  7    Str: 21    XL:     4   Next: 40%
Magic:  3/3        EV:  7    Int:  5    God:
Gold:   195        SH:  9    Dex: 10    Spells: 0 memorised, 3 levels left

rFire  . . .     SeeInvis .     a - +0 war axe
rCold  . . .     Gourm    .     g - +0 scale mail
rNeg   . . .     Faith    .     c - +0 shield
rPois  .         Spirit   .     (helmet restricted)
rElec  .         Reflect  .     (no cloak)
rCorr  .         Harm     .     (no gloves)
MR     .....                    (no boots)
Stlth  ..........               j - amulet of regeneration
                                (no ring)
                                (no ring)

@: no status effects
A: retaliatory headbutt, horns 2
a: no special abilities


You were on level 4 of the Dungeon.
You were not hungry.

You visited 1 branch of the dungeon, and saw 4 of its levels.

You collected 195 gold pieces.

Inventory:

Hand Weapons
 a - a +0 war axe (weapon)
Missiles
 h - 62 arrows
Armour
 c - a +0 shield (worn)
 g - a +0 scale mail (worn)
Jewellery
 j - an amulet of regeneration (around neck)
Scrolls
 b - a scroll of random uselessness {unknown}
 e - 2 scrolls of fear
 f - a scroll of enchant weapon {unknown}
 l - 2 scrolls of remove curse
 n - a scroll of amnesia {unknown}
 o - 2 scrolls of recharging {unknown}
 q - a scroll of identify {unknown}
 u - a scroll of noise {unknown}
Potions
 d - a potion of might
 i - 2 potions of degeneration {unknown}
 m - a potion of haste
 p - a potion of mutation {unknown}
 s - a potion of curing {unknown}
 t - a potion of agility {unknown}
 w - 2 potions of lignification {unknown}
Books
 k - a book of Misfortune

   Spells                             Type                      Level
   a - Confusing Touch                Hexes                        1
   b - Confuse                        Hexes                        3
   c - Gell's Gravitas                Hexes/Translocation          3
   d - Petrify                        Transmutation/Earth          4
   e - Metabolic Englaciation         Hexes/Ice                    5
   f - Yara's Violent Unravelling     Hexes/Transmutation          5
Comestibles
 r - a beef jerky
 v - a meat ration


   Skills:
 + Level 4.2 Fighting
 + Level 3.2 Axes
 + Level 4.4 Armour
 + Level 0.4 Dodging
 + Level 4.7 Shields


You had 3 spell levels left.
You didn't know any spells.

Dungeon Overview and Level Annotations

Branches:
Dungeon (4/15)
 Temple: D:4-7

Altars:
Ashenzari
Nemelex Xobeh
Qazlal

Annotations:
D:4 Menkaure


Innate Abilities, Weirdness & Mutations

You reflexively headbutt those who attack you in melee.
You have a pair of horns on your head.


Message History

You barely resist. You block Menkaure's attack.
You hit Menkaure.
Menkaure is lightly damaged.
You block Menkaure's attack.
You hit Menkaure.
Menkaure is lightly damaged.
Menkaure calls on the powers of darkness!
Your body is wracked with pain!
You barely miss Menkaure.
Menkaure is lightly damaged.
You block Menkaure's attack.
You slash Menkaure!
Menkaure is moderately damaged.
Menkaure screams, "Why can't you leave me to my rest?"
Menkaure completely misses you. Menkaure hits you!
* * * LOW HITPOINT WARNING * * *
Menkaure gestures at you while chanting.
Pain shoots through your body!
You die...

#.................#
.............†.....####.
##..########.≈.≈.≈.≈.≈.≈.
#.. ....⌠...⌠...⌠...⌠.
#.. ...≈.≈.≈.≈.≈.≈.≈.≈ #.
##....⌠...⌠...⌠...
#.≈.≈.≈.≈.≈.≈.≈.≈
#..⌠...⌠...⌠...⌠.
#.≈.≈.≈@≈.≈.≈.≈.≈
#....⌠...⌠...⌠...
#.≈.≈.≈.≈.≈)≈.≈.≈
...⌠...⌠M..⌠...⌠.
#.≈.≈.≈.≈.≈.≈.≈.≈
#....⌠...⌠...⌠...
#.≈.≈.≈.≈.≈.≈.≈.≈
#..⌠...⌠...⌠...⌠.
#...≈.≈.≈.≈.≈.≈.#


You could see Menkaure.

Vanquished Creatures
  Natasha (D:4)
  2 adders (D:2)
  A worm (D:2)
  A dart slug (D:2)
  A leopard gecko (D:2)
  A giant cockroach (D:3)
  4 goblins
  5 hobgoblins
  6 jackals
  10 kobolds
  A ball python (D:4)
  8 bats
  3 frilled lizards
  A rat (D:1)
45 creatures vanquished.

Notes
Turn   | Place    | Note
-------+----------+-------------------------------------------
     0 | D:1      | Faca the Minotaur Fighter began the quest for the Orb.
     0 | D:1      | Reached XP level 1. HP: 19/19 MP: 0/0
   332 | D:1      | Reached XP level 2. HP: 20/27 MP: 1/1
   991 | D:2      | Reached XP level 3. HP: 33/33 MP: 2/2
  1587 | D:3      | Found a faded altar of an unknown god.
  1694 | D:3      | Found a shattered altar of Ashenzari.
  1694 | D:3      | Found a sparkling altar of Nemelex Xobeh.
  1740 | D:3      | Reached XP level 4. HP: 38/40 MP: 3/3
  2018 | D:3      | Found a stormy altar of Qazlal.
  2239 | D:4      | Noticed Natasha
  2245 | D:4      | Killed Natasha
  2283 | D:4      | Noticed Menkaure
  2295 | D:4      | Killed from afar by Menkaure

Vault maps used:
D:1:      dpeg_arrival_erosion
D:3:      lemuel_crystal_altar, gammafunk_temple_overflow_statue,
          ecumenical_altar_2
D:4:      lemuel_blue_sif_altar, kennysheep_mini_moat,
          grunt_temple_overflow_open, first_bread, serial_shops, shop,
          nrook_loot_triangle, hangedman_decor_lopped, kennysheep_crisscross,
          uniq_menkaure, uniq_robin, uniq_natasha, uniq_sigmund

Skill      XL: |  1  2  3 |
---------------+----------+-----
Armour         | 4 |  4.4
Shields        | 4 |  4.7
Fighting       | 4 |  4.2
Axes           | 3 |  3.2
Dodging        | |  0.4

Action                   |  1- 3 |  4- 6 || total
-------------------------+-------+-------++-------
Melee: War axe           |    91 |    12 ||   103
       Headbutt          |    12 |     3 ||    15
  Use: Scroll            |     2 |       ||     2
       Potion            |     1 |       ||     1
  Eat: Bread ration      |     1 |       ||     1
Armor: Scale mail        |    44 |     1 ||    45
Dodge: Dodged            |    39 |     2 ||    41
Block: Shield            |    66 |    11 ||    77
